Map: [ESL] Data-C

Players

herO - Winner!

  • Race: Protoss Protoss
  • Spawn Location: 3:00

LiquidMaNa (MaNa)

  • Race: Protoss Protoss
  • Spawn Location: 9:00

Event: TSL 9

VOD

Have the link to the VOD?

Description

Time

  • Played on: July 30, 2022, 7:51 a.m.
  • Length: 8:14

All games in this series

Show
View Real Time Build Order
Export as new Build Order

herO Protoss - Winner!

Build Orders: Phoenix Opening 

Get SALT Encoding   

  12  0:00  Probe  
  13  0:12  Probe  
  14  0:17  Pylon  
  14  0:24  Probe (Chrono Boost)  
  15  0:36  Probe (Chrono Boost)  
  15  0:38  Gateway  
  16  0:44  Probe (Chrono Boost)  
  16  0:48  Assimilator  
  17  0:50  Probe  
  18  1:03  Probe (Chrono Boost)  
  19  1:04  Assimilator  
  19  1:12  Probe (Chrono Boost)  
  19  1:17  Probe (Chrono Boost)  
  20  1:20  Gateway  
  21  1:25  Cybernetics Core  
  21  1:29  Probe  
  22  1:37  Pylon  
  22  1:41  Probe  
  23  1:55  Probe  
  24  2:02  Adept, Warp Gate  
  24  2:07  Probe  
  27  2:08  Stalker  
  29  2:18  Pylon  
  29  2:28  Stargate  
  29  2:34  Pylon  
  29  2:38  Stalker  
  30  2:55  Shield Battery  
  33  3:13  Phoenix (Chrono Boost)  
  33  3:18  Nexus  
  30  3:24  Shield Battery  
  30  3:32  Phoenix (Chrono Boost)  
  33  3:45  Pylon  
  32  3:49  Phoenix (Chrono Boost)  
  32  3:52  Stalker  
  36  4:02  Stalker  
  38  4:04  Probe  
  39  4:18  Robotics Facility  
  39  4:19  Probe  
  34  4:34  Probe  
  34  4:37  Probe  
  36  4:38  Stalker  
  38  4:45  Stalker  
  38  4:47  Probe (Chrono Boost)  
  38  4:51  Probe (Chrono Boost)  
  42  4:59  Probe (Chrono Boost)  
  43  5:02  Probe (Chrono Boost)  
  43  5:04  Twilight Council  
  43  5:05  Observer  
  43  5:06  Probe (Chrono Boost)  
  46  5:07  Probe (Chrono Boost)  
  46  5:11  Shield Battery  
  46  5:13  Probe  
  47  5:17  Probe  
  47  5:20  Assimilator  
  49  5:26  Probe, Assimilator  
  50  5:29  Probe  
  50  5:34  Immortal (Chrono Boost)  
  55  5:41  Probe x2  
  57  5:45  Pylon  
  57  5:50  Dark Shrine  
  57  5:53  Probe x2  
  59  6:03  Immortal (Chrono Boost)  
  59  6:05  Probe x2  
  59  6:09  Stalker  
  67  6:12  Pylon  
  67  6:16  Stalker  
  69  6:18  Probe  
  70  6:34  Gateway  
  70  6:39  Gateway  
  64  6:42  Immortal  
  64  6:46  Stalker  
  68  6:50  Stalker  
  70  6:54  Probe  
  70  6:55  Probe  
  72  7:05  Gateway  
  72  7:14  Dark Templar x2  
  76  7:17  Gateway  
  76  7:20  Pylon  
  76  7:30  Pylon  
  76  7:33  Stalker  
  78  7:39  Stalker  
  84  7:50  Dark Templar  
Show
View Real Time Build Order
Export as new Build Order

LiquidMaNa Protoss 

Build Orders:  

Get SALT Encoding   

  12  0:00  Probe  
  13  0:12  Probe  
  14  0:18  Pylon  
  14  0:24  Probe (Chrono Boost)  
  15  0:37  Probe (Chrono Boost)  
  15  0:38  Gateway  
  16  0:44  Probe (Chrono Boost)  
  16  0:49  Assimilator  
  17  0:51  Probe  
  18  0:58  Assimilator  
  18  1:03  Probe (Chrono Boost)  
  19  1:13  Probe (Chrono Boost)  
  19  1:16  Gateway  
  19  1:18  Probe (Chrono Boost)  
  21  1:29  Cybernetics Core  
  21  1:32  Probe  
  22  1:40  Pylon  
  22  1:44  Probe  
  23  1:58  Probe  
  24  2:06  Warp Gate, Stalker  
  26  2:13  Stalker  
  28  2:21  Pylon  
  28  2:24  Probe  
  29  2:37  Probe  
  30  2:42  Stargate  
  30  2:49  Probe  
  30  2:54  Stalker  
  32  3:07  Probe  
  31  3:20  Nexus  
  31  3:32  Probe  
  34  3:44  Probe  
  35  3:58  Stalker  
  35  4:01  Probe, Stalker  
  38  4:04  Twilight Council  
  38  4:25  Probe  
  38  4:29  Gateway  
  38  4:30  Phoenix, Gateway  
  39  4:37  Stalker  
  37  4:39  Blink (Chrono Boost)  
  37  4:41  Stalker  
  38  4:50  Probe  
  36  4:53  Probe  
  37  5:02  Stalker  
  37  5:06  Stalker  
  41  5:12  Pylon  
  41  5:14  Probe  
  41  5:16  Probe  
  43  5:24  Stalker  
  45  5:32  Stalker x2  
  48  5:42  Stalker  
  51  5:47  Gateway  
  49  5:50  Stalker  
  49  5:55  Pylon  
  51  5:59  Stalker  
  51  6:03  Probe x2  
  54  6:15  Stalker x2  
  58  6:20  Stalker  
  60  6:26  Stalker  
  54  6:46  Stalker x4  
  52  7:00  Probe x2  
  48  7:14  Stalker x3  
  54  7:16  Probe x2  
  54  7:20  Stalker  
  58  7:28  Probe x2, Assimilator  
  60  7:40  Probe x2  
  60  7:43  Robotics Facility  
  60  7:52  Probe  
  60  7:53  Probe  
Tags
 
Event
TSL 9
Matchup
PvP
Player
MaNaherO
Spawn Locations
Cross Positions
Add a new tag
Caveats
  • Supply blocks, unpowered buildings, or Contaminate may cause inaccurate times.
  • Supply counts are checked every 10 seconds.